 Seeded DCSS version 0.30.1-6-gbe392663c4 (webtiles) character file.

Game seed: 15355723370913860151 (custom seed)

80 Psyclone the Stinger (level 4, 27/27 HPs)
             Began as an Octopode Venom Mage on Sept 20, 2023.
             Quit the game on level 1 of the Dungeon.
             The game lasted 00:06:17 (2010 turns).

Psyclone the Stinger (Octopode Venom Mage)          Turns: 2010, Time: 00:06:18

Health: 27/27      AC:  1    Str:  7    XL:     4   Next: 39%
Magic:  7/7        EV: 13    Int: 19    God:
Gold:   1235       SH:  0    Dex: 12    Spells: 4/7 levels left

rFire   . . .        a - +0 scimitar
rCold   . . .        (no shield)
rNeg    + . .        (helmet restricted)
rPois   .            (no amulet)
rElec   .            i - ring of positive energy
rCorr   .            (no ring)
SInv    .            (no ring)
Will    .....        (no ring)
Stlth   +++          (no ring)
HPRegen 0.24/turn    (no ring)
MPRegen 0.10/turn    (no ring)
                     (no ring)

%: no passive effects
@: no status effects
A: almost no armour, amphibious, 8 rings, camouflage 1, gelatinous body 1,
(nimble swimmer 1), tentacles
a: no special abilities


You were on level 1 of the Dungeon.
You visited 1 branch of the dungeon, and saw 2 of its levels.

You collected 1235 gold pieces.

Inventory:

Hand Weapons
 a - a +0 scimitar (weapon)
 b - a +0 dagger of speed
Missiles
 d - 2 curare-tipped darts
Jewellery
 i - a ring of positive energy (left tentacle)
 r - the ring of Wuci {EV+5 Int+3}
   (You acquired it on level 2 of the Dungeon)

   [ring of evasion]

   EV:        It affects your evasion (+5).
   Int:       It affects your intelligence (+3).
Wands
 n - a wand of charming (10)
Scrolls
 e - a scroll of enchant armour {unknown}
 f - 4 scrolls of teleportation {unknown}
 g - 4 scrolls of identify {unknown}
 m - a scroll of immolation {unknown}
 o - 3 scrolls of fog {unknown}
Potions
 c - a potion of resistance {unknown}
 h - a potion of magic
 j - 2 potions of attraction {unknown}
 k - a potion of heal wounds {unknown}
 l - a potion of curing {unknown}
 p - a potion of degeneration {unknown}
 q - 2 potions of mutation {unknown}


   Skills:
 - Level 2.0 Dodging
 - Level 2.6 Stealth
 - Level 2.0 Spellcasting
 - Level 1.0 Transmutations
 + Level 6.1 Poison Magic


You had 4 spell levels left.
You knew the following spells:

 Your Spells              Type           Power      Damage    Failure   Level
a - Poisonous Vapours     Pois/Air       26%        N/A       7%          2
v - Sting                 Tmut/Pois      60%        1d6       3%          1

Your spell library contained the following spells:

 Spells                   Type           Power      Damage    Failure   Level
 Beastly Appendage        Tmut           10%        N/A       11%         1
 Spider Form              Tmut/Pois      15%        N/A       12%         3
 Olgreb's Toxic Radiance  Pois           25%        N/A       13%         4
 Wereblood                Tmut           5%         N/A       17%         2
 Mephitic Cloud           Conj/Pois/Air  9%         N/A       22%         3
 Summon Guardian Golem    Hex/Summ       1%         N/A       45%         3
 Orb of Destruction       Conj           0%         9d5       100%        7
 Spellforged Servitor     Conj/Summ      0%         N/A       100%        7


Dungeon Overview and Level Annotations

Branches:
Dungeon (2/15) Zot: 9976

Altars:

Shops:
D:1 =


Innate Abilities, Weirdness & Mutations

You cannot wear most types of armour.
You are amphibious.
You can wear up to eight rings at the same time.
Your skin changes colour to match your surroundings (Stealth+).
Your rubbery body absorbs attacks. (AC +1, EV +1)
((You are camouflaged when in or above water. (Stealth+)))
You have tentacles for arms and can constrict up to eight enemies at once.


Message History

You now have 1231 gold pieces (gained 12).
You now have 1235 gold pieces (gained 4).
You see here a hobgoblin skeleton.
Found 9 stones.
g - 4 scrolls labelled MOTSAR IN UMOCS (gained 1)
You see here 9 stones.
You open the door.
A quokka comes into view.
Found a scroll labelled NOZEAH WOBEXO.
The quokka bites you.
There is an open door, spattered with blood here.
You take 3 damage, and have 24/27 hp.
You hit the quokka.
You kill the quokka!
Found a stone staircase leading up.
f - 4 scrolls labelled NOZEAH WOBEXO (gained 1)
There is an open door, spattered with blood here.
You open the door.
There is an open door here.
There is an open door here.
Health restored: 27 You open the door.
There is an open door here.
Found a stone staircase leading down.
There is a stone staircase leading down here.
There is an open door here.
There is an open door here.
Found a stone staircase leading up.
There is an open door here.
There is an open door, spattered with blood here.
Done exploring.
Done exploring.
There is an open door, spattered with blood here.
You see here 9 stones.
There is a stone staircase leading up here.
You climb upwards.
There is a stone staircase leading down here.
You see here a stone.
Things that are here:
3 stones; a +0 whip Are you sure you want to abandon this character and quit the game? (Confirm with "yes".)

####.##########.#.#####.# #.#
.....)................>.# #.#
####.#..#########.#####.# #.#
##................# #.# #.#
#......########(#.# #.# #.#
###......#### #(#.###.# #.#
............# ###.#.....# #.#
.....#####''###...####### #.#
....##~~.......8@.# #.#
###.#~~..~~~~~~.#.# #.#
#.#~..~~...~~~#.# #.#####
#.#~.~~..~..~~#.# #...†.#
#.#~.~~.~~~..~#.# #####.#
#.#~.~~.<.~~.~#.# #...# #
#.#~..~~~.~~.~#.###########†###
###.#~~..~..~~.~#.............#
....#~~~...~~..~###############


There were no monsters in sight!

Vanquished Creatures
  An adder (D:2)
  A worm (D:2)
  4 dart slugs
  6 ball pythons (D:1)
  5 endoplasms
  2 giant cockroaches
  6 goblins
  8 hobgoblins
  4 jackals (D:1)
  A quokka (D:2)
  2 bats (D:1)
  2 frilled lizards (D:1)
  6 kobolds
  6 rats
54 creatures vanquished.

Notes
Turn   | Place    | Note
-------+----------+-------------------------------------------
     0 | D:1      | Psyclone the Octopode Venom Mage began the quest for the
                  | Orb.
     0 | D:1      | Reached XP level 1. HP: 11/11 MP: 3/3
    43 | D:1      | Reached skill level 4 in Poison Magic
    64 | D:1      | Found Poafeakiy's One-of-a-Kind Rings.
   130 | D:1      | Reached XP level 2. HP: 14/17 MP: 0/5
   247 | D:1      | Learned a level 2 spell: Poisonous Vapours
   521 | D:1      | Reached skill level 5 in Poison Magic
   521 | D:1      | Reached XP level 3. HP: 21/21 MP: 3/6
  1295 | D:2      | Reached XP level 4. HP: 27/27 MP: 1/7
  1508 | D:2      | Reached skill level 6 in Poison Magic
  1739 | D:2      | Identified 2 scrolls of acquirement
  1739 | D:2      | Acquired the ring of Wuci {EV+5 Int+3}
  1740 | D:2      | Acquired 1133 gold pieces
  2010 | D:1      | Quit the game

Illustrated notes

Levels and vault maps discovered:
D:1:      psy_arrival_whirlpool, layout_basic, nicolae_shop_unique_rings,
          minmay_octomino_j4
D:2:      layout_basic, minmay_misc_feat_square, nrook_campfire,
          glass_columns_b, eino_curves_03, minmay_crystal_room,
          grunt_ministairs_5, st_stairs_10

Skill      XL: |  1  2  3  4 |
---------------+-------------+-----
Poison Magic   | 4 5 6 |  6.1
Dodging        | |  2.0
Stealth        | |  2.6
Spellcasting   | |  2.0
Transmutations | |  1.0

Action                     |  1- 3 |  4- 6 || total
---------------------------+-------+-------++-------
  Melee: Dagger            |    25 |       ||    25
         Constrict         |    14 |     4 ||    18
         Unarmed           |     2 |       ||     2
         Tentacles         |    12 |     3 ||    15
         Scimitar          |    25 |    15 ||    40
   Cast: Sting             |    11 |       ||    11
         Poisonous Vapours |    18 |    13 ||    31
    Use: Scroll            |       |     2 ||     2
   Stab: Sleeping          |     2 |       ||     2
 Armour: Skin              |    10 |       ||    10
  Dodge: Dodged            |    21 |     6 ||    27
